 Dungeon Crawl Stone Soup version 0.29-a0-838-g385bb11a5b (webtiles) character file.

Game seed: 13651050491049185955

18011 kevlar127 the Grappler (level 12, -26/192 HPs)
             Began as a Troll Berserker on July 13, 2022.
             Was an Elder of Trog.
             Annihilated by an ettin
             ... wielding a +0 dire flail
              (34 damage)
             ... on level 10 of the Dungeon.
             The game lasted 00:53:14 (12225 turns).

kevlar127 the Grappler (Troll Berserker)           Turns: 12225, Time: 00:53:16

Health: -26/192    AC:  7    Str: 32    XL:     12   Next: 23%
Magic:  0/11       EV:  8    Int:  6    God:    Trog [****..]
Gold:   333        SH:  9    Dex:  9    Spells: 11/11 levels left

rFire   + . .      SeeInvis +     - Unarmed
rCold   . . .      Faith    .   H - +2 kite shield
rNeg    . . .      Spirit   +   P - +0 troll leather armour
rPois   +          Reflect  .   (helmet restricted)
rElec   .          Harm     .   a - +0 cloak
rCorr   +          Rampage  .   (gloves unavailable)
Will    +++..                   (boots unavailable)
Stlth   ..........              M - amulet of guardian spirit
HPRegen 3.02/turn               k - ring of willpower
MPRegen 0.12/turn               J - ring of the Tormentor {rPois rF+ rCorr Int+3 SInv Stlth+}

@: berserking, strong-willed, regenerating, very quick
A: large, unfitting armour, claws 3, regeneration 1, shaggy fur 1, tough skin 1
a: Renounce Religion, Berserk, Trog's Hand, Brothers in Arms


You were on level 10 of the Dungeon.
You worshipped Trog.
Trog was greatly pleased with you.
You visited 2 branches of the dungeon, and saw 12 of its levels.

You collected 731 gold pieces.
You spent 398 gold pieces at shops.

Inventory:

Missiles
 c - 22 poisoned darts (quivered)
 f - 122 stones
 y - 2 silver javelins
 G - 4 javelins
 T - 3 boomerangs
 U - 4 large rocks
Armour
 a - a +0 cloak (worn)
 g - +0 steam dragon scales
 H - a +2 kite shield (worn)
 P - a +0 troll leather armour (worn)
Jewellery
 d - a +4 ring of evasion
 k - a ring of willpower (left claw)
 J - the ring of the Tormentor (right claw) {rPois rF+ rCorr Int+3 SInv Stlth+}
   (You found it on level 8 of the Dungeon)

   [ring of poison resistance]

   Int:       It affects your intelligence (+3).
   rF:        It protects you from fire.
   rPois:     It protects you from poison.
   SInv:      It lets you see invisible.
   rCorr:     It protects you from acid and corrosion.
   Stlth:     It makes you more stealthy.
 M - an amulet of guardian spirit (around neck)
 N - an amulet of faith
 V - the ring "Faguz" {Ice Int+3 SInv}
   (You found it on level 11 of the Dungeon)

   [ring of ice]

   It enhances your ice magic.
   Int:       It affects your intelligence (+3).
   rF:        It makes you vulnerable to fire.
   rC:        It protects you from cold.
   SInv:      It lets you see invisible.
 W - the amulet "Ygetomoant" {Faith Stlth+}
   (You found it on level 11 of the Dungeon)

   [amulet of faith]

   It allows you to gain divine favour quickly.
   Stlth:     It makes you more stealthy.
Wands
 C - a wand of polymorph (11)
 E - a wand of digging (4)
 K - a wand of light (12)
 O - a wand of charming (5)
Scrolls
 j - 3 scrolls of poison
 m - 2 scrolls of enchant weapon
 n - a scroll of blinking
 o - 4 scrolls of fear
 p - 3 scrolls of magic mapping
 s - a scroll of summoning
 u - 4 scrolls of teleportation
 v - 3 scrolls of immolation
 w - 2 scrolls of vulnerability
 D - 4 scrolls of amnesia
 F - 3 scrolls of fog
 I - 3 scrolls of brand weapon
 L - a scroll of noise
 S - 3 scrolls of silence
Potions
 b - a potion of brilliance
 h - 2 potions of might
 i - 4 potions of curing
 l - a potion of berserk rage
 q - a potion of mutation
 r - a potion of magic
 t - a potion of flight
 x - 2 potions of attraction
 z - a potion of heal wounds {unknown}
 A - 2 potions of cancellation
 B - 2 potions of degeneration
 Q - a potion of invisibility {unknown}
Miscellaneous
 R - a phial of floods


   Skills:
 + Level 10.8 Fighting
 + Level 7.4 Throwing
 - Level 3.0 Armour
 - Level 3.0 Dodging
 + Level 3.9 Shields
 + Level 12.8 Unarmed Combat


You had 11 spell levels left.
You didn't know any spells.
Your spell library was empty.

Dungeon Overview and Level Annotations

Branches:
Dungeon (11/15)            Temple (0/1) D:6            Lair (0/6) D:11
    Orc (1/2) D:10

Altars:
Elyvilon
Fedhas
Makhleb
Nemelex Xobeh
Okawaru
Qazlal
Trog
Yredelemnul
The Shining One

Shops:
D:7 [((=   D:9 :*

Annotations:
D:10 exclusion: obsidian statue


Innate Abilities, Weirdness & Mutations

You are too large for most types of armour.
You have claws for hands.
Your natural rate of healing is unusually fast.
You are covered in fur. (AC +1)
You have tough skin. (AC +1)


Message History

You mangle the ettin!!
The ettin is moderately wounded.
The orc priest mumbles some strange prayers to Beogh against you.
Beogh smites you! You block the ettin's attack. x2
The orc wizard hits you with a +0 dagger.
You scratch the ettin but do no damage.
The ettin is moderately wounded.
Your skin crawls.
You feel strong-willed. The orc priest misses you.
You block the orc wizard's attack. The ettin barely misses you.
The ettin hits you with a +0 dire flail of holy wrath!
The orc priest hits you from afar with a +0 trident.
The orc wizard hits you but does no damage.
The ettin hits you with a +0 dire flail!
You block the ettin's attack.
You climb upwards.
Welcome back to the Dungeon!
Level annotation: exclusion: obsidian statue
There is a staircase to the Orcish Mines, spattered with blood here.
You scratch the ettin but do no damage.
The ettin is moderately wounded.
The orc wizard closely misses you.
The ettin hits you with a +0 dire flail!
The ettin hits you with a +0 dire flail of holy wrath!
* * * LOW HITPOINT WARNING * * *
A red film seems to cover your vision as you go berserk!
You feel yourself moving faster!
You feel mighty!
The orc wizard hits you but does no damage.
The ettin hits you with a +0 dire flail!!
* * * LOW HITPOINT WARNING * * *
The ettin completely misses you.
Unknown command.
You claw the ettin!
The ettin is heavily wounded.
The orc wizard hits you with a +0 dagger.
* * * LOW HITPOINT WARNING * * *
The ettin hits you with a +0 dire flail!!
* * * LOW HITPOINT WARNING * * *
The ettin hits you with a +0 dire flail of holy wrath!!
You die...

..............#........#......##.
....##[.##....##.......#.......#.
##...####......#.......#.......#'
.##........##..#########.........
..#'##########.##.†..............
.##.[......##...#>†..............
##...####..))...#................
#.8.##..##.8...C##..######.......
#...'....+.....[@####....#.......
#.8.##..##.8..)o##.......#.......
##...####.......#........#.......
##........##...#........########
#'##########.##................
##........##..######..#######...
##...####......# #..# #...
....##).##....## #..# ####'
..8.'....'.8..# #..# #.≈..


You could see an ettin and an orc wizard.

Vanquished Creatures
  A boulder beetle (D:11)
  The ghost of xian the Protected, a journeyman DsFi of Wu Jian (D:10)
  3 death yaks
  The ghost of bchevrier the Fighter, a novice GnWn (D:6)
  An orc sorcerer (D:10)
  A cyclops (D:11)
  3 ugly things
  Joseph (D:9)
  An unseen horror (D:11)
  A yaktaur (D:11)
  A meliai (D:11)
  3 trolls (D:10)
  Prince Ribbit (D:5)
  A centaur simulacrum (D:11)
  2 shadows
  Sigmund (D:6)
  A vampire (D:10)
  2 wraiths
  A wyvern (D:9)
  20 yaks
  2 steam dragons
  2 wargs (D:10)
  An acid dragon (D:10)
  3 water moccasins
  10 orc warriors
  3 sky beasts
  4 black bears
  An ice beast (D:6)
  6 centaurs
  6 ogres
  2 kobold brigands (D:7)
  A necrophage (D:4)
  2 gnoll sergeants
  2 bullfrogs
  A scorpion (D:4)
  8 wights (D:8)
  14 killer bees
  3 howler monkeys
  9 hounds
  A gnoll bouda (D:4)
  2 jellies (D:5)
  8 orc priests
  4 iguanas
  7 orc wizards
  2 hell rats
  10 adders
  19 gnolls
  5 river rats (D:11)
  2 shadow imps
  An ufetubus (D:5)
  2 dart slugs (D:4)
  39 orcs
  16 ball pythons
  6 endoplasms
  6 giant cockroaches
  7 hobgoblins
  16 kobolds
  2 quokkas (D:2)
  5 bats
  3 frilled lizards (D:1)
  6 goblins
  7 rats
303 creatures vanquished.

Vanquished Creatures (collateral kills)
  Maggie (D:7)
1 creature vanquished.

Grand Total: 304 creatures vanquished

Notes
Turn   | Place    | Note
-------+----------+-------------------------------------------
     0 | D:1      | kevlar127 the Troll Berserker began the quest for the Orb.
     0 | D:1      | Reached XP level 1. HP: 22/22 MP: 0/0
   201 | D:1      | Reached XP level 2. HP: 27/29 MP: 1/1
   287 | D:1      | Found a faded altar of an unknown god.
   904 | D:2      | Reached XP level 3. HP: 37/37 MP: 2/2
  1009 | D:2      | Reached ** piety under Trog
  1352 | D:2      | Reached skill level 4 in Unarmed Combat
  1354 | D:2      | Reached XP level 4. HP: 41/45 MP: 3/3
  1543 | D:3      | Found a basalt altar of Yredelemnul.
  1545 | D:3      | Found a stormy altar of Qazlal.
  1644 | D:3      | Noticed a water moccasin
  1666 | D:3      | Killed a water moccasin
  1667 | D:3      | Reached XP level 5. HP: 11/54 MP: 4/4
  1875 | D:3      | You fall into a shaft and drop 2 floors!
  1875 | D:5      | Entered Level 5 of the Dungeon
  1897 | D:5      | Reached skill level 5 in Unarmed Combat
  1901 | D:5      | Reached XP level 6. HP: 50/62 MP: 5/5
  1938 | D:4      | Found a bloodstained altar of Trog.
  1956 | D:4      | Reached skill level 6 in Unarmed Combat
  2053 | D:4      | Reached skill level 5 in Fighting
  2053 | D:4      | Reached XP level 7. HP: 67/72 MP: 6/6
  2205 | D:4      | Found a blossoming altar of Fedhas.
  2927 | D:4      | Reached *** piety under Trog
  3157 | D:4      | Reached skill level 7 in Unarmed Combat
  3237 | D:4      | Reached XP level 8. HP: 76/83 MP: 7/7
  3430 | D:4      | Found a sparkling altar of Nemelex Xobeh.
  3583 | D:5      | Reached skill level 1 in Throwing
  3748 | D:5      | Noticed Prince Ribbit
  3755 | D:5      | Killed Prince Ribbit
  3954 | D:5      | Reached skill level 8 in Unarmed Combat
  4140 | D:6      | Identified the +7 ring mail "Miystrapu" {rC+ rN+ Dex+3}
  4208 | D:6      | Reached **** piety under Trog
  4289 | D:6      | Reached XP level 9. HP: 68/92 MP: 8/8
  4328 | D:6      | Found a white marble altar of Elyvilon.
  4665 | D:6      | Noticed Sigmund
  4669 | D:6      | Killed Sigmund
  4726 | D:6      | Found a burning altar of Makhleb.
  4877 | D:6      | Found a staircase to the Ecumenical Temple.
  4955 | D:6      | Found a runed translucent door.
  4958 | D:6      | Noticed bchevrier's ghost (novice GnWn)
  5025 | D:6      | Reached skill level 9 in Unarmed Combat
  5117 | D:6      | Killed bchevrier's ghost
  5118 | D:6      | Reached skill level 5 in Throwing
  5158 | D:7      | Found a glowing golden altar of the Shining One.
  5606 | D:7      | Found Cejadi's Weapon Shop.
  5611 | D:7      | Bought 4 javelins for 48 gold pieces
  5680 | D:7      | Found Xecawnirr's Antique Armour Boutique.
  5911 | D:7      | Found Felapula's Weapon Shoppe.
  5935 | D:7      | Found Kuc Xasenn's Jewellery Emporium.
  5979 | D:7      | Reached ***** piety under Trog
  5980 | D:7      | Reached XP level 10. HP: 104/104 MP: 9/9
  6012 | D:7      | Noticed Maggie
  6032 | D:7      | Reached skill level 10 in Unarmed Combat
  6139 | D:7      | Killed Maggie
  6140 | D:7      | Reached skill level 1 in Shields
  6837 | D:8      | Identified the ring of the Tormentor {rPois rF+ rCorr Int+3
                  | SInv Stlth+}
  7894 | D:7      | Bought a ring of willpower for 350 gold pieces
  8229 | D:9      | Noticed Joseph
  8246 | D:9      | Killed Joseph
  8247 | D:9      | Reached skill level 1 in Armour
  8247 | D:9      | Reached skill level 11 in Unarmed Combat
  8375 | D:9      | Found Gosoen's Vocational Training.
  8391 | D:9      | Found Siununn's Elemental Accessories.
  8551 | D:9      | Found an iron altar of Okawaru.
  8770 | D:10     | Entered Level 10 of the Dungeon
  8797 | D:10     | Found a flagged portal.
  8945 | D:10     | Noticed an obsidian statue
  9014 | D:10     | Reached XP level 11. HP: 76/115 MP: 8/10
  9080 | D:10     | Found a large runed translucent door.
  9081 | D:10     | Found a large runed translucent door.
  9318 | D:10     | Noticed xian's ghost (journeyman DsFi)
  9445 | D:10     | Found a staircase to the Orcish Mines.
  9647 | D:10     | Noticed a cyan ugly thing
  9655 | D:10     | Killed a cyan ugly thing
 10141 | D:10     | Killed xian's ghost
 10424 | D:11     | Noticed a death yak
 10424 | D:11     | Noticed a green ugly thing
 10424 | D:11     | Found a staircase to the Lair.
 10425 | D:11     | Noticed a death yak
 10428 | D:11     | Noticed a death yak
 10438 | D:10     | Killed a death yak
 10439 | D:10     | Reached skill level 10 in Fighting
 10445 | D:10     | Killed a green ugly thing
 10446 | D:10     | Reached skill level 12 in Unarmed Combat
 10994 | D:11     | Noticed a brown ugly thing
 11001 | D:11     | Killed a brown ugly thing
 11089 | D:11     | Noticed a boulder beetle
 11100 | D:11     | Killed a boulder beetle
 11115 | D:11     | Identified the ring "Faguz" {Ice Int+3 SInv}
 11194 | D:11     | Killed a death yak
 11195 | D:11     | Reached XP level 12. HP: 77/128 MP: 5/11
 11203 | D:11     | Killed a death yak
 11578 | D:11     | Identified the amulet "Ygetomoant" {Faith Stlth+}
 11828 | Orc:1    | Entered Level 1 of the Orcish Mines
 12210 | Orc:1    | Noticed an ettin
 12225 | D:10     | HP: 8/192 [ettin/+0 dire flail (20)]
 12225 | D:10     | Annihilated by an ettin

Illustrated notes

Levels and vault maps discovered:
D:1:      evilmike_arrival_crescent, layout_loops_corners,
          dilly_ecumenical_altar_fadedgnrine, minmay_tripent
D:2:      layout_loops_ring
D:3:      layout_loops_ring, mainiacjoe_overflow_catwalk_spiral,
          chequers_serial_rivers_large_a, grunt_ministairs_8
D:4:      layout_cave_pods, trog_ov_bears_minmay, mainiacjoe_overflow_boulevard,
          nemelex_spade_bored_becter, minmay_increasing_density
D:5:      layout_basic, uniq_prince_ribbit1
D:6:      layout_loops_ring, bloody_makhleb,
          mainiacjoe_overflow_surrounded_room, minmay_temple_entry_poolview,
          ebering_ghost_sewer_d, kennysheep_diamond, uniq_sigmund
D:7:      layout_cave_pods, tso_metal_star, serial_shops, nicolae_shop_crystal,
          nicolae_shop_bloodbath_and_beyond, shop,
          nicolae_shop_overgrown_old_shop, serial_glass, glass_columns_a,
          glass_columns_a, glass_columns_a, glass_columns_a, item_on_display_a,
          chequers_serial_rivers_small_3, uniq_maggie
D:8:      layout_basic
D:9:      layout_roguey, mainiacjoe_overflow_alcove_2, nicolae_elemental_shop,
          nicolae_shop_vocational, uniq_joseph
D:10:     layout_irregular_city, david_orc_1_choice,
          ebering_ghost_disaster_area, enter_bailey_3, minivault_16
D:11:     minmay_tri_box, layout_gridville, dpeg_lair_monsters
Orc:1:    layout_caves, basic_altar, gammafunk_ghost_abyssal_escape

Skill      XL: |  1  2  3  4  5  6  7  8  9 10 11 |
---------------+----------------------------------+-----
Fighting       | 3 4 5 6 8 9 10 | 10.8
Unarmed Combat | 4 5 6 7 8 9 11 12 | 12.8
Throwing       | 3 5 7 |  7.4
Shields        | 3 |  3.9
Dodging        | 3 |  3.0
Armour         | 1 3 |  3.0

Action                   |  1- 3 |  4- 6 |  7- 9 | 10-12 || total
-------------------------+-------+-------+-------+-------++-------
Melee: Unarmed           |   103 |    82 |   297 |   435 ||   917
       Punch             |     1 |       |    18 |       ||    19
Throw: Boomerang         |       |       |       |    62 ||    62
       Dart              |       |       |       |    43 ||    43
       Javelin           |       |       |       |     6 ||     6
Invok: Berserk           |       |     1 |       |     7 ||     8
       Trog's Hand       |       |       |     2 |    14 ||    16
       Brothers in Arms  |       |       |       |     1 ||     1
  Use: Scroll            |       |       |       |    22 ||    22
       Potion            |       |       |       |     5 ||     5
 Stab: Confused          |       |       |       |     1 ||     1
       Sleeping          |       |       |       |     1 ||     1
Armor: Animal skin       |    41 |    22 |    39 |    18 ||   120
       Steam dragon scal |       |       |       |    55 ||    55
       Skin              |       |       |       |     5 ||     5
       Troll leather arm |       |       |       |    51 ||    51
Dodge: Dodged            |    68 |    78 |   182 |   202 ||   530
Block: Kite shield       |       |       |     3 |   260 ||   263

Table legend: (Time is in decaauts)
 A = Elapsed time spent in this place.
 B = Non-inter-level travel time spent in this place.
 C = Inter-level travel time spent in this place.
 D = Time resting spent in this place.
 E = Time spent auto-exploring this place.
 F = Levels seen in this place.
 G = Mean time per level.
                   A        B        C        D        E       F      G
               +--------+--------+--------+--------+--------+-----+--------+
         Total |  12277 |  11195 |   1082 |   1475 |   7585 |  12 | 1023.1 |
       Dungeon |  12242 |  11161 |   1081 |   1475 |   7585 |  11 | 1112.9 |
  Orcish Mines |     34 |     34 |      0 |      0 |      0 |   1 |   34.0 |
               +--------+--------+--------+--------+--------+-----+--------+

Top non-repeatable levels by time:
    D:10: 2050 daAuts
     D:7: 1666 daAuts
    D:11: 1350 daAuts
     D:6: 1162 daAuts
     D:8: 1148 daAuts
     D:4: 1129 daAuts
     D:1: 890 daAuts
     D:9: 802 daAuts
     D:3: 781 daAuts
     D:2: 697 daAuts
     D:5: 562 daAuts
   Orc:1: 34 daAuts
